AoeStats
← Chris77A

Lombardia

507239847Analyzed
2v2 RM · 15d ago on Sep 17, 2026· 18m 26s· 4 players
Game mode
Random Map
Map size
Medium (4 player)
Population
200
Speed
Normal
Resources
Standard
Victory
Conquest
Starting age
Dark Age
Ending age
Imperial Age
RankedLock teamsTeams togetherTeam positionsShared explorationLock speedFull tech treeHidden civsTurbo modeCheats
Victory
Defeat
🇬🇧 Berbers · United Kingdom
1299
+11
🇬🇧 Byzantines · United Kingdom
1246
+13
🇳🇱 Persians · Netherlands
1215
-13
🇳🇱 Mongols · Netherlands
1156
-11
MISTER DYE
10:06 Feudal Age
10:32 Double-Bit Axe
10:36 Horse Collar
17:04 Castle Age
18:29 Loom
NotYourHer0
6:28 Loom
10:41 Feudal Age
11:42 Horse Collar
11:48 Double-Bit Axe
15:12 Bloodlines
20:17 Castle Age
Chris77A
2:30 Loom
2:52 Loom
3:23 Loom
11:29 Feudal Age
14:32 Double-Bit Axe
16:48 Castle Age
14:58 Horse Collar
DrunkMonk
2:57 Loom
4:45 Loom
10:40 Feudal Age
12:29 Double-Bit Axe
14:26 Forging
16:18 Scale Barding Armor
16:38 Horse Collar
17:30 Bloodlines
Connection lost

Rejoining the realm…

Still unreachable

The connection could not be restored.

Session expired

The server has moved on; the page needs a fresh start.